 Dungeon Crawl Stone Soup version 0.18.1-6-gd335043 (webtiles) character file.

3116 Chiseanne the Nimble (level 9, -1/41 HPs)
             Began as a Spriggan Hunter on May 20, 2016.
             Was an Initiate of Gozag.
             Hit by a large rock thrown by a cyclops (42 damage)
             ... on level 8 of the Dungeon.
             The game lasted 00:25:03 (6483 turns).

Chiseanne the Nimble (Spriggan Hunter)              Turns: 6483, Time: 00:25:03

Health: -1/41      AC:  4    Str:  8    XL:     9   Next: 60%
Magic:  15/15      EV: 29    Int: 12    God:    Gozag
Gold:   227        SH:  0    Dex: 20    Spells: 1 memorised, 12 levels left

rFire  + . .     SeeInvis +     w - +3 hand crossbow
rCold  . . .     Gourm    .     k - +2 robe {MR+}
rNeg   . . .     Faith    .     (shield restricted)
rPois  .         Spirit   .     (helmet restricted)
rElec  .         Dismiss  .     (no cloak)
rCorr  .         Reflect  .     (gloves unavailable)
SustAt .         Harm     .     (boots unavailable)
MR     ++...                    (no amulet)
Stlth  +++++.....               B - ring of stealth
                                i - ring of protection from fire

@: very quick, very resistant to hostile enchantments, quite stealthy
A: unfitting armour, see invisible, herbivore 3, speed 3, slow metabolism 2
a: Potion Petition, Call Merchant, Bribe Branch, Renounce Religion


You were on level 8 of the Dungeon.
You worshipped Gozag.
Gozag was noncommittal.
You were not hungry.

You visited 2 branches of the dungeon, and saw 9 of its levels.

You collected 362 gold pieces.
You paid 135 gold pieces to Gozag.

Inventory:

Hand Weapons
 a - a +2 whip of freezing
 s - a +3 trident of freezing
 w - a +3 hand crossbow (weapon)
Missiles
 d - 11 bolts (quivered)
 e - 300 stones
 h - 9 poisoned needles
 j - 78 sling bullets
 n - 51 arrows
 o - 15 tomahawks
 C - 2 throwing nets
Armour
 k - a +2 robe of magic resistance (worn)
 u - a +0 buckler
Jewellery
 i - a ring of protection from fire (left hand)
 p - a cursed ring of flight
 B - a ring of stealth (right hand)
Wands
 v - a wand of lightning (7/15)
Scrolls
 b - 6 scrolls of identify
 g - 4 scrolls of immolation
 m - 2 scrolls of fog
 r - 2 scrolls of teleportation
 y - a scroll of remove curse
 A - 2 scrolls of blinking
Potions
 c - 2 potions of curing
 l - 3 potions of flight
 t - a potion of brilliance
Books
 q - a book of Frost

   Spells                             Type                      Level
   a - Freeze                         Ice                          1
   b - Throw Frost                    Conjuration/Ice              2
   c - Ozocubu's Armour               Charms/Ice                   3
   d - Throw Icicle                   Conjuration/Ice              4
   e - Summon Ice Beast               Ice/Summoning                4
 x - a Fen Folio

   Spells                             Type                      Level
   a - Corpse Rot                     Necromancy                   2
   b - Stone Arrow                    Conjuration/Earth            3
   c - Leda's Liquefaction            Hexes/Earth                  4
   d - Summon Forest                  Summoning/Translocation      5
   e - Hydra Form                     Transmutation                6
   f - Summon Hydra                   Summoning                    7
Comestibles
 f - 4 bread rations


   Skills:
 - Level 1.5 Fighting
   Level 2.2 Short Blades
 * Level 9.0 Crossbows
 * Level 11.4 Dodging
 - Level 7.6 Stealth
 * Level 3.9 Spellcasting
 * Level 5.1 Charms


You had 12 spell levels left.
You knew the following spells:

 Your Spells              Type           Power        Failure   Level  Hunger
a - Ozocubu's Armour      Chrm/Ice       #.......     24%         3    ###....


Dungeon Overview and Level Annotations

Branches:
Dungeon (8/15)             Temple (1/1) D:5            Lair (0/8) D:8

Altars:
Ashenzari
Cheibriados
Elyvilon
Gozag
Makhleb
Nemelex Xobeh
Okawaru
Qazlal
Ru
Sif Muna
Trog
Xom
Yredelemnul
Zin
The Shining One

Annotations:
D:6 Rationalist's ghost, novice DsBe


Innate Abilities, Weirdness & Mutations

You are tiny and cannot use many weapons and most armour.
You have supernaturally acute eyesight.
You are a herbivore.
You cover ground extremely quickly.
You need consume almost no food.


Message History

a flail; a leather armour
v - a wand of lightning
Things that are here:
a flail; a leather armour A howler monkey zombie comes into view.
The worker ant twitches its antennae in your direction.
The worker ant is distracted by your gold.
Wield which item (- for none, * to show all)? (? for menu, Esc to quit)
Your +3 trident of freezing stops glowing.
w - a +3 hand crossbow (weapon)
Firing (i - inventory. (,) - cycle):
d - 12 bolts (quivered)
Press: ? - help, Shift-Dir - straight line, f - howler monkey zombie
Aim: a howler monkey zombie (hasn't noticed you)
You shoot a bolt. The bolt hits the howler monkey zombie.
The cyclops throws a large rock.
The large rock barely misses you.
The cyclops throws a large rock.
The large rock misses you.
The cyclops throws a large rock.
The large rock hits you!!!
Ouch! That really hurt!
You die...
Your body crumbles into a pile of gold.

#>...+.........# ####'#
######.........# #.#####
# #.........########...##
#
#######........##.....##
# ##.#######.).....# #
#########.## #....._...#
# #..........#
#.#.......# #
#..........####.##.....##
#
#.........@(#....##...##
###########.#.Z(.######
####......#
#...#....#.......
#...#.#'##.......
#.....C.##.........
#.....####...a....
#......###........
#......#.......... .


You could see a cyclops.

Vanquished Creatures
  Pikel (D:5)
  A deep elf mage (D:7)
  Menkaure (D:4)
  A hell hound (D:8)
  2 sky beasts
  An orc warrior (D:8)
  4 ogres
  The ghost of Statics the Shooter, an amateur HEHu (D:4)
  Blork the orc (D:4)
  2 giant frogs
  A wyvern zombie (D:7)
  5 wights (D:8)
  A howler monkey (D:5)
  A centaur zombie (D:8)
  3 hounds
  2 iguanas
  A centaur skeleton (D:7)
  3 gnoll shamans (D:5)
  Ijyb (D:3)
  An orc wizard (D:8)
  6 worker ants
  Robin (D:3)
  26 gnolls (D:5)
  9 adders
  An adder skeleton (D:8)
  2 dart slugs
  3 giant geckos
  13 orcs
  A ball python (D:2)
  3 bats
  A giant cockroach (D:4)
  11 goblins
  7 hobgoblins
  34 jackals
  3 quokkas
  A giant gecko skeleton (D:4)
  A giant gecko zombie (D:5)
  A giant newt (D:3)
  2 kobolds
  2 quokka skeletons
  5 rats
167 creatures vanquished.

Vanquished Creatures (others)
  A slave (D:5)
  2 gnolls (D:5)
  A giant gecko zombie (D:5)
4 creatures vanquished.

Grand Total: 171 creatures vanquished

Notes
Turn   | Place    | Note
--------------------------------------------------------------
     0 | D:1      | Chiseanne the Spriggan Hunter began the quest for the Orb.
     0 | D:1      | Reached XP level 1. HP: 10/10 MP: 2/2
   134 | D:1      | Reached XP level 2. HP: 14/14 MP: 3/3
   329 | D:2      | Reached skill level 1 in Short Blades
   329 | D:2      | Reached skill level 4 in Dodging
   329 | D:2      | Reached XP level 3. HP: 13/18 MP: 4/4
   794 | D:3      | Found a burning altar of Makhleb.
   800 | D:3      | Reached XP level 4. HP: 21/22 MP: 5/5
   828 | D:3      | Noticed Ijyb
   839 | D:3      | Killed Ijyb
  1009 | D:3      | Noticed Robin
  1064 | D:3      | Killed Robin
  1417 | D:3      | Found a shattered altar of Ashenzari.
  1425 | D:3      | Saw a vision of the Swamp and the Snake Pit.
  1425 | D:3      | Noticed a swamp drake
  1425 | D:3      | Noticed an alligator
  1425 | D:3      | Noticed an alligator
  1425 | D:3      | Noticed an alligator
  1425 | D:3      | Noticed a naga mage
  1425 | D:3      | Noticed a naga mage
  1425 | D:3      | Noticed a mana viper
  1425 | D:3      | Noticed a naga
  1426 | D:3      | Noticed a naga mage
  1427 | D:3      | Noticed a naga warrior
  1431 | D:3      | Noticed a black mamba
  1589 | D:5      | Entered Level 5 of the Dungeon
  1608 | D:5      | Reached XP level 5. HP: 25/25 MP: 6/6
  1647 | D:5      | Reached skill level 5 in Dodging
  1711 | D:4      | Noticed an ogre
  1729 | D:4      | Killed an ogre
  1729 | D:4      | Reached skill level 5 in Crossbows
  1747 | D:4      | Noticed Blork the orc
  1762 | D:4      | Killed Blork the orc
  1762 | D:4      | Reached XP level 6. HP: 30/30 MP: 7/7
  1886 | D:4      | Reached skill level 6 in Dodging
  1903 | D:4      | Noticed Statics's ghost (amateur HEHu)
  1994 | D:4      | Killed Statics's ghost
  2097 | D:4      | Noticed Menkaure
  2104 | D:4      | Killed Menkaure
  2104 | D:4      | Reached skill level 7 in Dodging
  2104 | D:4      | Reached XP level 7. HP: 32/33 MP: 8/8
  2137 | D:4      | Reached skill level 5 in Stealth
  2216 | D:4      | Found a glowing golden altar of the Shining One.
  2406 | D:4      | Found a snail-covered altar of Cheibriados.
  2686 | D:5      | Noticed Pikel
  2706 | D:5      | Killed Pikel
  2706 | D:5      | Reached skill level 9 in Dodging
  2706 | D:5      | Reached XP level 8. HP: 35/37 MP: 9/9
  2892 | D:5      | You fall through a shaft for 3 floors!
  3004 | D:8      | Found a snail-covered altar of Cheibriados.
  3118 | D:8      | Found an iron altar of Okawaru.
  3162 | D:8      | Reached skill level 10 in Dodging
  3424 | D:8      | Found a staircase to the Lair.
  3447 | D:8      | Noticed a cyclops
  3661 | D:7      | Learned a level 3 spell: Ozocubu's Armour
  3891 | D:7      | Reached skill level 1 in Charms
  3912 | D:7      | Found a basalt altar of Yredelemnul.
  4016 | D:7      | Noticed a deep elf mage
  4023 | D:7      | Killed a deep elf mage
  4023 | D:7      | Reached XP level 9. HP: 41/41 MP: 10/13
  4199 | D:6      | Reached skill level 11 in Dodging
  4271 | D:6      | Noticed Rationalist's ghost (novice DsBe)
  5782 | D:5      | Found a staircase to the Ecumenical Temple.
  5931 | Temple   | Entered the Ecumenical Temple
  6087 | Temple   | Became a worshipper of Gozag Ym Sagoz the Greedy
  6386 | D:8      | Reached skill level 5 in Charms
  6451 | D:8      | Found a sacrificial altar of Ru.
  6483 | D:8      | Hit by a large rock thrown by a cyclops

Skill      XL: |  1  2  3  4  5  6  7  8  9 |
---------------+----------------------------+-----
Stealth        | 2 3 4 6 7 |  7.6
Short Blades   | 1 2 |  2.2
Dodging        | 4 5 7 9 10 11 | 11.4
Crossbows      | 5 6 7 8 9 |  9.0
Charms         | 2 5 |  5.1
Spellcasting   | 2 3 |  3.9
Fighting       | |  1.5

Action                   |  1- 3 |  4- 6 |  7- 9 || total
-------------------------+-------+-------+-------++-------
Melee: Short sword       |       |       |     1 ||     1
       Trident           |       |       |   101 ||   101
 Fire: Hand crossbow     |    47 |   125 |   304 ||   476
Throw: Stone             |       |       |     4 ||     4
 Cast: Ozocubu's Armour  |       |       |     2 ||     2
Evoke: Wand              |       |       |     5 ||     5
  Use: Scroll            |     5 |     3 |     6 ||    14
       Potion            |     2 |     4 |     7 ||    13
 Stab: Sleeping          |       |       |     1 ||     1
  Eat: Royal jelly       |       |       |     1 ||     1
       Fruit             |       |       |     3 ||     3
Armor: Robe              |     2 |     2 |     8 ||    12
       Skin              |       |     9 |    16 ||    25
Dodge: Dodged            |    18 |    38 |   235 ||   291
